 Dungeon Crawl Stone Soup version 0.19-a0-4-ga5c5ac4 (webtiles) character file.

515 namelastname112 the Magician (level 7, 50/50 HPs)
             Began as a Mottled Draconian Ice Elementalist on Apr 28, 2016.
             Was a Follower of Vehumet.
             Quit the game on level 5 of the Dungeon.
             The game lasted 00:05:03 (3827 turns).

namelastname112 the Magician (DrIE)                 Turns: 3827, Time: 00:05:03

Health: 50/50      AC:  9    Str: 11    XL:     7   Next: 0%
Magic:  14/14      EV: 12    Int: 19    God:    Vehumet [*.....]
Gold:   234        SH:  0    Dex: 11    Spells: 2 memorised, 10 levels left

rFire  . . .     SeeInvis .     r - +1 spear (freeze)
rCold  . . .     Gourm    .     (armour unavailable)
rNeg   . . .     Faith    .     (no shield)
rPois  .         Spirit   .     (helmet restricted)
rElec  .         Dismiss  .     t - +2 cloak
rCorr  .         Reflect  .     (no gloves)
SustAt +         Harm     .     (no boots)
MR     +....                    (no amulet)
Stlth  ++........               (no ring)
                                z - ring of sustain attributes

@: somewhat resistant to hostile enchantments, unstealthy
A: breathe sticky flame splash, unfitting armour, stinger 1, clever 1, magic
resistance 1, no device heal 1, cold-blooded, AC +6
a: Breathe Sticky Flame, Renounce Religion


You were on level 5 of the Dungeon.
You worshipped Vehumet.
Vehumet was aware of your devotion.
You were not hungry.

You visited 1 branch of the dungeon, and saw 5 of its levels.
You also visited: Sewer.

You collected 234 gold pieces.

Inventory:

Hand Weapons
 r - a +1 spear of freezing (weapon)
Armour
 t - a +2 cloak (worn)
Rods
 v - a -2 iron rod (12/12)
   (You found it on level 4 of the Dungeon)
Jewellery
 s - an uncursed ring of ice
 z - a ring of sustain attributes (left hand)
Wands
 A - a wand of digging (8/24)
 B - a wand of iceblast (10/15)
Scrolls
 c - 3 scrolls of teleportation {unknown}
 d - a scroll of fear {unknown}
 g - 3 scrolls of remove curse {unknown}
 j - 4 scrolls of blinking {unknown}
 k - 3 scrolls of identify {unknown}
 o - 2 scrolls of random uselessness {unknown}
 q - 2 scrolls of noise {unknown}
 w - a scroll of amnesia {unknown}
 x - a scroll of enchant armour {unknown}
 y - a scroll of enchant weapon {unknown}
 C - a scroll of immolation {unknown}
Potions
 e - a potion of curing {unknown}
 f - 2 potions of resistance {unknown}
 h - a potion of agility {unknown}
 l - a potion of might {unknown}
 m - 2 potions of lignification {unknown}
 n - a potion of beneficial mutation {unknown}
 p - a potion of degeneration {unknown}
 u - 2 potions of heal wounds {unknown}
Books
 a - a book of Frost

   Spells                             Type                      Level
   a - Freeze                         Ice                          1
   b - Throw Frost                    Conjuration/Ice              2
   c - Ozocubu's Armour               Charms/Ice                   3
   d - Throw Icicle                   Conjuration/Ice              4
   e - Summon Ice Beast               Ice/Summoning                4
Comestibles
 b - 4 bread rations
 i - 4 meat rations


   Skills:
 - Level 1.7 Dodging
 - Level 1.7 Stealth
 + Level 4.7 Spellcasting
 + Level 4.2 Conjurations
 - Level 4.6 Ice Magic


You had 10 spell levels left.
You knew the following spells:

 Your Spells              Type           Power        Failure   Level  Hunger
a - Throw Icicle          Conj/Ice       ###.....     21%         4    ####...
z - Freeze                Ice            ###.         1%          1    None


Dungeon Overview and Level Annotations

Branches:
Dungeon (5/15)             Temple (0/1) D:5

Altars:
Cheibriados
Fedhas
Makhleb
Pakellas
Sif Muna
Vehumet
Xom

Annotations:
D:3 no0bjke's ghost, amateur MiBe


Innate Abilities, Weirdness & Mutations

You can spit globs of burning liquid.
You can ignite nearby creatures when you spit burning liquid.
Your weird mottled scales are hard (AC +6).
Your body does not fit into most forms of armour.
You are cold-blooded and may be slowed by cold attacks.
Your tail ends in a poisonous barb.
Your mind is acute. (Int +2)
You are resistant to hostile enchantments.
Potions and wands are less effective at restoring your health.


Message History

The adder zombie bites you but does no damage. x2
You hit the adder zombie.
Your tail-slap misses the adder zombie.
The adder zombie bites you but does no damage.
You barely miss the adder zombie. The adder zombie barely misses you.
You hit the adder zombie. The adder zombie closely misses you.
You hit the adder zombie.
The adder zombie bites you but does no damage.
You barely miss the adder zombie. You tail-slap the adder zombie.
The adder zombie barely misses you. The adder zombie completely misses you.
You hit the adder zombie but do no damage.
The adder zombie bites you but does no damage.
You hit the adder zombie.
You destroy the adder zombie!
Vehumet accepts your kill.
You have reached level 7!
Your scales start taking on a weird mottled colour.
You learn Fire Magic quicker.
You can spit globs of burning liquid.
You can ignite nearby creatures when you spit burning liquid.
Health restored: 50; MP restored: 14 Are you sure you want to abandon this character and quit the game? (Confirm with "yes".)

#.......................
#.#################.####
#.# #.. #.....#.# #.# #.#
#.....#(# #.# #.#
#....<#.# #.# #.#
#.###.#.#### #.# #
#.#.#.....#.#...
###.#.###.#.#####.#.#.##
#....@....# #.#.#.#.
###.###.#######.#.#.#. ..
#.#.......#.#.#. .. #.#
#.#.#######.#.#.
..#########.#.#######.#.#.
##...........>..........
####.###.#.#####.#.#..#
###
#...).................#
#.####
##.#.###.#.#####.#.#...


There were no monsters in sight!

Vanquished Creatures
  A sky beast (D:5)
  A crocodile (Sewer)
  3 hounds (D:5)
  2 worker ants (D:5)
  An orc wizard (D:4)
  5 adders
  A howler monkey skeleton (D:5)
  A river rat (D:5)
  A shadow imp (D:5)
  An ooze (D:4)
  An adder zombie (D:5)
  3 dart slugs
  A worm (D:2)
  2 giant geckos
  7 orcs
  A ball python (D:2)
  3 giant cockroaches
  6 goblins
  4 hobgoblins
  17 jackals
  2 quokkas (D:2)
  5 bats
  4 giant newts
  8 kobolds
  7 rats
88 creatures vanquished.

Notes
Turn   | Place    | Note
--------------------------------------------------------------
     0 | D:1      | namelastname112 the Draconian Ice Elementalist began the quest for the Orb.
     0 | D:1      | Reached XP level 1. HP: 14/14 MP: 3/3
   467 | D:1      | Reached XP level 2. HP: 20/20 MP: 3/5
  1036 | D:2      | Reached XP level 3. HP: 11/26 MP: 2/6
  1293 | D:2      | Found a burning altar of Makhleb.
  1298 | D:2      | Found a blossoming altar of Fedhas.
  1302 | D:2      | Found a radiant altar of Vehumet.
  1310 | D:2      | Became a worshipper of Vehumet
  1470 | D:2      | Found a deep blue altar of Sif Muna.
  1470 | D:2      | Found a shimmering altar of Xom.
  1472 | D:2      | Found a snail-covered altar of Cheibriados.
  1517 | D:3      | Noticed no0bjke's ghost (amateur MiBe)
  1687 | D:3      | Reached XP level 4. HP: 18/33 MP: 1/8
  1902 | D:3      | Reached * piety under Vehumet
  1902 | D:3      | Offered knowledge of Sandblast by Vehumet.
  1928 | D:3      | Learned a level 4 spell: Throw Icicle
  2423 | D:4      | Found an oddly glowing altar of Pakellas.
  2476 | D:4      | Noticed a phantom
  2535 | D:5      | Entered Level 5 of the Dungeon
  2548 | D:5      | Reached XP level 5. HP: 10/38 MP: 4/9
  2637 | D:5      | Found a staircase to the Ecumenical Temple.
  2886 | D:5      | Reached XP level 6. HP: 41/45 MP: 5/12
  2931 | D:5      | Found a glowing drain.
  2985 | Sewer    | Entered a sewer
  3575 | D:5      | Noticed a sky beast
  3583 | D:5      | Killed a sky beast
  3587 | D:5      | Gained mutation: You are resistant to hostile enchantments. [mutagenic meat]
  3588 | D:5      | Gained mutation: Potions and wands are less effective at restoring your health. [mutagenic meat]
  3589 | D:5      | Gained mutation: Your mind is acute. (Int +2) [mutagenic meat]
  3590 | D:5      | Gained mutation: Your tail ends in a poisonous barb. [mutagenic meat]
  3624 | D:5      | Offered knowledge of Flame Tongue by Vehumet.
  3826 | D:5      | Your scales start taking on a weird mottled colour.
  3826 | D:5      | Reached XP level 7. HP: 50/50 MP: 14/14
  3827 | D:5      | xeno23: Maud shouts! _Maud drinks a potion. Maud goes berserk!
  3827 | D:5      | Quit the game

Vault maps used:
D:1:      minmay_arrival_jagged
D:2:      gammafunk_temple_overflow_forgotten, minmay_overflow_temple_star_quad,
          first_bread, mrwooster_statue_mirror
D:4:      lemuel_doored_altar, nemelex_altar_shiori, marbit_many_paths
D:5:      nicolae_overflow_hidden_temple, minmay_temple_entry_overgrown,
          gup_sewer_entry_bowl
Sewer:    sewer_the_crocodile

Skill      XL: |  1  2  3  4  5  6 |
---------------+-------------------+-----
Ice Magic      | 4 |  4.6
Spellcasting   | 3 4 |  4.7
Conjurations   | 2 3 4 |  4.2
Dodging        | |  1.7
Stealth        | |  1.7

Action                   |  1- 3 |  4- 6 |  7- 9 || total
-------------------------+-------+-------+-------++-------
Melee: Dagger            |    31 |       |       ||    31
       Tailslap          |     7 |     8 |       ||    15
       Spear             |    47 |   115 |       ||   162
 Cast: Freeze            |    47 |    67 |       ||   114
 Stab: Sleeping          |     4 |     5 |       ||     9
  Eat: Chunk             |     3 |    11 |       ||    14
Armor: Skin              |    33 |    70 |       ||   103
Dodge: Dodged            |    54 |   110 |       ||   164
